 Dungeon Crawl Stone Soup version 0.31-a0-210-gccc998df9b (webtiles) character file.

Game seed: 5157928660166118533

241 benadryl the Chopper (level 5, 0/47 HPs)
             Began as a Minotaur Monk on June 30, 2023.
             Was a Believer of Trog.
             Engulfed by a cloud of poison gas (1 damage)
             ... on level 4 of the Dungeon.
             The game lasted 00:03:07 (2157 turns).

benadryl the Chopper (Minotaur Monk)                Turns: 2157, Time: 00:03:07

Health: 0/47       AC:  5    Str: 24    XL:     5   Next: 80%
Magic:  4/4        EV: 10    Int:  7    God:    Trog [**....]
Gold:   192        SH:  8    Dex: 12    Spells: 4/4 levels left

rFire   . . .        a - +0 hand axe
rCold   + . .        j - +0 kite shield
rNeg    . . .        f - +0 ring mail
rPois   .            (helmet restricted)
rElec   .            (no cloak)
rCorr   .            (no gloves)
SInv    .            (no boots)
Will    .....        (no amulet)
Stlth   +            g - +6 ring of strength
HPRegen 0.27/turn    t - ring of protection from cold
MPRegen 0.09/turn

%: no passive effects
@: mighty, lethally poisoned (0 -> -23)
A: horns 2, retaliatory headbutt
a: Renounce Religion, Berserk, Trog's Hand


You were on level 4 of the Dungeon.
You worshipped Trog.
Trog was pleased with you.
You visited 1 branch of the dungeon, and saw 4 of its levels.

You collected 192 gold pieces.

Inventory:

Hand Weapons
 a - a +0 hand axe (weapon)
Armour
 b - a +0 robe
 d - an orb of light
 f - a +0 ring mail (worn)
 j - a +0 kite shield (worn)
 w - a +0 chain mail
Jewellery
 g - a +6 ring of strength (left hand)
 t - a ring of protection from cold (right hand)
Scrolls
 e - a scroll of enchant weapon
 h - a scroll of teleportation
 i - a scroll of immolation
 o - 4 scrolls of identify {@r1}
 q - a scroll of vulnerability {unknown}
 r - a scroll of silence {unknown}
 s - a scroll of fear {unknown}
Potions
 c - a potion of ambrosia
 l - a potion of curing {@q1}
 m - a potion of heal wounds {unknown}
 n - a potion of might
 u - a potion of brilliance {unknown}
 v - a potion of attraction {unknown}


   Skills:
 - Level 4.3 Fighting
 * Level 6.8 Axes
 - Level 3.2 Dodging
 + Level 3.0 Shields


You had 4 spell levels left.
You didn't know any spells.
Your spell library contained the following spells:

 Spells                   Type           Power      Damage    Failure   Level
 Sandblast                Erth           0%         2d4       85%         1
 Passwall                 Tmut/Erth      0%         N/A       94%         2
 Static Discharge         Conj/Air       0%         2-2/arc   94%         2
 Stone Arrow              Conj/Erth      0%         3d7       99%         3
 Airstrike                Air            0%         2d(0-16)  100%        4
 Summon Lightning Spire   Summ/Air       0%         N/A       100%        4


Dungeon Overview and Level Annotations

Branches:
Dungeon (4/15)
 Temple: D:4-7

Altars:
Trog
The Shining One


Innate Abilities, Weirdness & Mutations

You have a pair of horns on your head.
You reflexively headbutt those who attack you in melee.


Message History

As you read the scroll labelled SIOKLI SIOCHEV, it crumbles to dust.
It was a scroll of poison.
The kobold brigand throws a poisoned dart.
The poisoned dart closely misses you.
Really walk into that cloud of poison gas? [Y]es or [N]o only, please.
Really walk into that cloud of poison gas? [Y]es or [N]o only, please.
Really walk into that cloud of poison gas?
Okay, then.
A kobold brigand is nearby!
A kobold brigand is nearby!
Really walk into that cloud of poison gas?
You are engulfed in poison gas.
You are poisoned.
You feel very sick.
You are engulfed in poison gas.
You are more poisoned.
* * * LOW HITPOINT WARNING * * *
You feel extremely sick. You block the kobold brigand's attack.
It was a potion of curing.
You feel better.
You are engulfed in poison gas.
You are poisoned.
You feel very sick. The kobold brigand barely misses you.
You closely miss the kobold brigand. You headbutt the kobold brigand!
The kobold brigand is moderately wounded.
You are engulfed in poison gas.
You are lethally poisoned!
* * * LOW HITPOINT WARNING * * *
You feel extremely sick. You block the kobold brigand's attack.
You feel better.
You are engulfed in poison gas.
You are poisoned.
* * * LOW HITPOINT WARNING * * *
x2 You feel very sick.
You block the kobold brigand's attack.
It was a potion of might.
You feel very mighty all of a sudden.
You are engulfed in poison gas.
You are more poisoned.
You die...

*,,,,,,,,,,,,,,*#.#########.###*
*,,,,,,,,,,,,,,*#S#########...#
*,,,,,,,,,,,,,,**.### **#.#*
*,,,,,>,.......##§☼☼###* *.#*
**,,,,,,.........§☼....* *,*,
**,,,,,....S####§####.* *,,,
******##.#.##☼☼§§○##.** *,,,
##.#.#§K§§☼§§#.,*****,,,
##...#§@§○○§§#.,,,,**,,,
##§§§§§§§§§§☼§§***,,,,,,
##...#○.§§§§§#.,,,,,,,,,
##.#.#§○§§☼§☼#.,,**,,,,,
*##.#.##§○§§§##!,,,,,**,,
*.....####§####.,,*****,,
*...#.....☼§....,,*****,,
*#####..###☼#...,,**,,,,,
*********#####.####...#.*,**,,,,,


You could see a kobold brigand.

Vanquished Creatures
  The ghost of coffeetime the Magician, an amateur DEEE (D:3)
  Jessica (D:2)
  Terence (D:3)
  5 adders
  3 worms
  A dart slug (D:3)
  An orc (D:3)
  4 endoplasms
  3 giant cockroaches
  8 hobgoblins
  4 jackals (D:1)
  2 quokkas
  4 ball pythons
  7 bats
  3 frilled lizards
  4 goblins
  11 kobolds
  5 rats
68 creatures vanquished.

Notes
Turn   | Place    | Note
-------+----------+-------------------------------------------
     0 | D:1      | benadryl the Minotaur Monk began the quest for the Orb.
     0 | D:1      | Reached XP level 1. HP: 19/19 MP: 0/0
    98 | D:1      | Reached skill level 4 in Axes
   103 | D:1      | Reached XP level 2. HP: 26/27 MP: 1/1
   621 | D:2      | Reached XP level 3. HP: 33/33 MP: 2/2
   955 | D:2      | Reached skill level 5 in Axes
   969 | D:2      | Noticed Jessica
   983 | D:2      | Killed Jessica
   984 | D:2      | Reached skill level 1 in Shields
   984 | D:2      | Reached XP level 4. HP: 31/41 MP: 3/3
  1035 | D:2      | Found a glowing golden altar of the Shining One.
  1731 | D:3      | Reached skill level 6 in Axes
  1731 | D:3      | Reached XP level 5. HP: 47/47 MP: 4/4
  1795 | D:3      | Noticed coffeetime's ghost (amateur DEEE)
  1799 | D:3      | Found a runed translucent door.
  1868 | D:3      | Found a bloodstained altar of Trog.
  1884 | D:3      | Became a worshipper of Trog the Wrathful
  1884 | D:3      | Reached * piety under Trog
  1884 | D:3      | Reached ** piety under Trog
  1944 | D:3      | Found a faded altar of an unknown god.
  2028 | D:3      | Noticed Terence
  2037 | D:3      | Killed Terence
  2082 | D:3      | Killed coffeetime's ghost
  2150 | D:4      | Found a glowing golden altar of the Shining One.
  2156 | D:4      | HP: 1/47 [poisoned by you (poison gas)]
  2157 | D:4      | Engulfed by a cloud of poison gas

Illustrated notes

Levels and vault maps discovered:
D:1:      elethiomel_arrival_infinity_welcomes_careful_drivers, layout_rooms
D:2:      layout_basic, basic_altar, chequers_jeans,
          chequers_serial_rivers_large_b, kennysheep_generic_room_11,
          uniq_jessica
D:3:      minmay_skewed_foursquare, layout_rooms, mainiacjoe_overflow_24_doors,
          hellmonk_ecumenical_altar_pennies_from_heaven,
          hellmonk_ghost_happy_afterlife, grunt_ministairs_14, uniq_terence
D:4:      kennysheep_goblin_castle, layout_rooms, kennysheep_little_box,
          hellmonk_okawaru_the_only_friend_you_need, old_standard_altar

Skill      XL: |  1  2  3  4  5 |
---------------+----------------+-----
Axes           | 4 5 6 |  6.8
Fighting       | 4 |  4.3
Shields        | 1 2 3 |  3.0
Dodging        | |  3.2

Action                     |  1- 3 |  4- 6 || total
---------------------------+-------+-------++-------
  Melee: Hand axe          |    65 |    72 ||   137
         Headbutt          |    14 |    13 ||    27
 Invoke: Berserk           |       |     1 ||     1
    Use: Scroll            |       |     5 ||     5
         Potion            |       |     3 ||     3
 Armour: Ring mail         |    25 |    19 ||    44
  Dodge: Dodged            |    37 |    28 ||    65
  Block: Kite shield       |    12 |    22 ||    34

Table legend: (Time is in decaauts)
 A = Elapsed time spent in this place.
 B = Non-inter-level travel time spent in this place.
 C = Inter-level travel time spent in this place.
 D = Time resting spent in this place.
 E = Time spent auto-exploring this place.
 F = Levels seen in this place.
 G = Mean time per level.
                   A        B        C        D        E       F      G
               +--------+--------+--------+--------+--------+-----+--------+
         Total |   2213 |   2098 |    115 |      0 |   1646 |   4 |  553.2 |
       Dungeon |   2213 |   2098 |    115 |      0 |   1646 |   4 |  553.2 |
               +--------+--------+--------+--------+--------+-----+--------+

Top non-repeatable levels by time:
     D:2: 866 daAuts
     D:3: 712 daAuts
     D:1: 616 daAuts
     D:4: 17 daAuts
